 Dungeon Crawl Stone Soup version 0.30.1-4-g462c640d31 (webtiles) character file.

Game seed: 9768363304022236580

2 jakob the Caller (level 1, -1/9 HPs)
             Began as a Vine Stalker Summoner on Aug 24, 2023.
             Slain by a jackal (3 damage)
             ... on level 1 of the Dungeon.
             The game lasted 00:02:14 (163 turns).

jakob the Caller (Vine Stalker Summoner)             Turns: 163, Time: 00:02:14

Health: -1/9       AC:  2    Str: 10    XL:     1   Next: 30%
Magic:  0/4        EV: 12    Int: 15    God:
Gold:   0          SH:  0    Dex: 14    Spells: 3/4 levels left

rFire   . . .        d - +0 short sword
rCold   . . .        (no shield)
rNeg    . . .        c - +0 robe
rPois   .            (no helmet)
rElec   .            (no cloak)
rCorr   .            (no gloves)
SInv    .            (no boots)
Will    .....        (no amulet)
Stlth   ++           (no ring)
HPRegen 0.21/turn    (no ring)
MPRegen 0.09/turn

%: guardian spirit
@: no status effects
A: fangs 2, magic shield, antimagic bite, no potion heal 2
a: no special abilities


You were on level 1 of the Dungeon.
You visited 1 branch of the dungeon, and saw 1 of its levels.

Inventory:

Hand Weapons
 d - a +0 short sword (weapon)
 f - a +0 dagger
Armour
 a - a +0 robe
 c - a +0 robe (worn)
Scrolls
 e - a scroll of magic mapping
Potions
 b - a potion of magic
 g - a potion of attraction {unknown}


   Skills:
 + Level 1.5 Dodging
 + Level 2.4 Stealth
 + Level 2.2 Spellcasting
 + Level 4.0 Summonings


You had 3 spell levels left.
You knew the following spells:

 Your Spells              Type           Power      Damage    Failure   Level
a - Summon Small Mammal   Summ           52%        N/A       4%          1

Your spell library contained the following spells:

 Spells                   Type           Power      Damage    Failure   Level
 Call Imp                 Summ           26%        N/A       6%          2
 Call Canine Familiar     Summ           13%        N/A       12%         3
 Summon Guardian Golem    Hex/Summ       7%         N/A       28%         3
 Summon Lightning Spire   Summ/Air       7%         N/A       67%         4


Dungeon Overview and Level Annotations

Branches:
Dungeon (1/15)

Altars:


Innate Abilities, Weirdness & Mutations

You have extremely sharp teeth.
When hurt, damage is shared between your health and your magic reserves.
Your bite disrupts and absorbs the magic of your enemies.
Potions cannot restore your health.


Message History

Found a scroll labelled DUESTR ONNAE.
Things that are here:
a +0 dagger; a kobold corpse
f - a +0 dagger You swap places.
You swap places.
g - a ruby potion You swap places.
You swap places.
You swap places.
You see here a kobold corpse.
Found a scroll labelled FAIS YTI ADE.
Found a ruby potion.
Found a scroll labelled ICSIUS DEUFU.
Found an escape hatch in the floor.
A jackal comes into view.
The jackal barks!
You hear a bark!
You see here a scroll labelled DUESTR ONNAE.
Your bat closely misses the jackal.
You swap places.
The jackal misses you.
Your bat barely misses the jackal.
The jackal misses you.
You see here a scroll labelled FAIS YTI ADE.
As you read the scroll labelled FAIS YTI ADE, it crumbles to dust.
It is a scroll of identify.
e - a scroll of magic mapping Your quokka disappears in a puff of smoke!
Your bat barely misses the jackal.
The jackal bites you.
A jackal comes into view.
You hit the jackal. You punch the jackal.
The jackal is severely wounded.
Your bat hits the jackal but does no damage.
A jackal comes into view.
The jackal bites you. The jackal bites you. The jackal closely misses you.
A jackal comes into view.
Your bat disappears in a puff of smoke!
The jackal misses you. The jackal bites you. x2
* * * LOW HITPOINT WARNING * * *
The jackal bites you.
You die...

#.#.#.##.#....#.....#
#.#†#...............#
#?#.#######...#.....#
#####.#.# ###.####.
........# #. #.
..!.....# ##.
..####..#### #..
#..........##### ##..
...h..h.@....... #P..
.....§hh...##### ##..
#####§..##..# #P..
#.§.. .#.# ##..
.>§.###..## #...
#.##.# .# ##.. .. ..
.. #P.P # ### #. ##..
#P..


You could see 4 jackals.

Vanquished Creatures
  A bat (D:1)
  A kobold (D:1)
2 creatures vanquished.

Vanquished Creatures (collateral kills)
  A kobold (D:1)
1 creature vanquished.

Grand Total: 3 creatures vanquished

Notes
Turn   | Place    | Note
-------+----------+-------------------------------------------
     0 | D:1      | jakob the Vine Stalker Summoner began the quest for the
                  | Orb.
     0 | D:1      | Reached XP level 1. HP: 9/9 MP: 4/4
   163 | D:1      | Slain by a jackal

Illustrated notes

Levels and vault maps discovered:
D:1:      minmay_arrival_plants_in_alcoves, layout_loops_ring

Action                     || total
---------------------------++-------
  Melee: Unarmed           ||     7
         Bite              ||     6
         Short sword       ||     5
         Punch             ||     1
   Cast: Summon Small Mamm ||     9
    Use: Scroll            ||     1
 Armour: Robe              ||     3
  Dodge: Dodged            ||    15
